 Dungeon Crawl Stone Soup version 0.30-a0-374-g95c0257040 (webtiles) character file.

Game seed: 2930140300555738924

251 arthad the Cleaver (level 6, -3/44 HPs)
             Began as a Gnoll Wanderer on Nov 26, 2022.
             Slain by an ogre
             ... wielding a +0 giant club
              (14 damage)
             ... on level 4 of the Dungeon.
             The game lasted 00:06:11 (2990 turns).

arthad the Cleaver (Gnoll Wanderer)                 Turns: 2990, Time: 00:06:11

Health: -3/44      AC:  5    Str: 10 (13) XL:     6   Next: 13%
Magic:  14/14      EV: 11    Int: 12 (13) God:
Gold:   238        SH:  4    Dex:  8 (10) Spells: 11/15 levels left

rFire   + . .      SeeInvis .    a - +2 hand axe
rCold   . . .      Faith    .    r - +0 buckler
rNeg    . . .      Spirit   .    s - +2 leather armour {rF+}
rPois   .          Reflect  .    (helmet restricted)
rElec   .          Harm     .    (no cloak)
rCorr   .          Rampage  .    (no gloves)
Will    .....                    (no boots)
Stlth   +.........               (no amulet)
HPRegen 0.27/turn                (no ring)
MPRegen 0.14/turn                (no ring)

@: no status effects
A: fangs 1, strong nose, distributed training, antennae 1, mutation resistance 1
a: no special abilities


You were on level 4 of the Dungeon.
You visited 1 branch of the dungeon, and saw 5 of its levels.

You collected 238 gold pieces.

Inventory:

Hand Weapons
 a - a +2 hand axe (weapon)
 b - the +1 sling of the Vestibule of Hell {flame, Str+4}
   (You found it on level 3 of the Dungeon)

   Any ammunition fired from it burns those it strikes, dealing additional fire
   damage.
   Str:       It affects your strength (+4).
Armour
 d - a +0 robe
 r - a +0 buckler (worn)
 s - a +2 leather armour of fire resistance (worn)
Wands
 t - a wand of mindburst (9)
Scrolls
 c - 2 scrolls of fog
 e - 2 scrolls of torment {unknown}
 f - 3 scrolls of identify {unknown}
 i - a scroll of immolation {unknown}
 j - 6 scrolls of teleportation {unknown}
 n - a scroll of summoning {unknown}
 q - a scroll of fear {unknown}
 v - a scroll of blinking {unknown}
 w - 2 scrolls of amnesia {unknown}
Potions
 g - a potion of berserk rage {unknown}
 h - 2 potions of degeneration
 k - 2 potions of mutation
 l - a potion of flight {unknown}
 m - 2 potions of curing {unknown}
 o - a potion of invisibility {unknown}
 p - a potion of brilliance {unknown}
 u - a potion of ambrosia {unknown}
 x - a potion of heal wounds {unknown}


   Skills:
 + Level 1.9 Fighting
 + Level 1.9 Short Blades
 + Level 1.9 Long Blades
 + Level 8.7 Axes
 + Level 1.9 Maces & Flails
 + Level 1.9 Polearms
 + Level 1.9 Staves
 + Level 1.9 Ranged Weapons
 + Level 1.9 Throwing
 + Level 3.2 Armour
 + Level 1.9 Dodging
 + Level 1.9 Stealth
 + Level 4.9 Shields
 + Level 1.9 Unarmed Combat
 + Level 5.3 Spellcasting
 + Level 1.5 Conjurations
 + Level 1.5 Hexes
 + Level 1.5 Summonings
 + Level 1.5 Necromancy
 + Level 1.5 Translocations
 + Level 1.5 Transmutations
 + Level 1.5 Fire Magic
 + Level 2.6 Ice Magic
 + Level 1.5 Air Magic
 + Level 1.5 Earth Magic
 + Level 1.5 Poison Magic
 + Level 2.1 Invocations
 + Level 1.9 Evocations


You had 11 spell levels left.
You knew the following spells:

 Your Spells              Type           Power      Damage    Failure   Level
a - Freeze                Ice            36%        1d5       12%         1
b - Hailstorm             Conj/Ice       8%         3d4       41%         3

Your spell library contained the following spells:

 Spells                   Type           Power      Damage    Failure   Level


Dungeon Overview and Level Annotations

Branches:
Dungeon (5/15)
 Temple: D:4-7

Altars:
Ashenzari
Trog

Shops:
D:4 :

Annotations:
D:4 2 transporters, pigah's ghost, amateur OpWn


Innate Abilities, Weirdness & Mutations

You have very sharp teeth.
Your uncanny sense of smell can sniff out nearby items.
Your experience applies equally to all skills.
You have a pair of small antennae on your head.
You are somewhat resistant to further mutation.


Message History

The sling bullet burns the ogre.
The ogre is severely wounded.
You shoot a sling bullet. The sling bullet hits the ogre.
The sling bullet burns the ogre.
The ogre is severely wounded.
The ogre hits you with a +0 giant club!!
You block the hound's attack. The hound barely misses you.
The ogre hits you with a +0 giant club!
You climb upwards.
Level annotation: 2 transporters, pigah's ghost, amateur OpWn
There is a stone staircase leading down here.
The +1 sling of the Vestibule of Hell {flame, Str+4} stops flaming.
a - a +2 hand axe (weapon)
The hound bites you but does no damage.
You hit the ogre.
The ogre is severely wounded.
You barely miss the hound. The hound bites you.
* * * LOW HITPOINT WARNING * * *
The ogre closely misses you. The hound barely misses you.
Unknown command.
Unknown command.
You barely miss the ogre. You bite the ogre, but do no damage.
The ogre is severely wounded.
You slash the hound! The hound bites you but does no damage.
The ogre misses you.
It was a potion of degeneration.
There was something very wrong with that liquid.
You feel weakened.
You feel dopey.
You feel clumsy. The hound bites you but does no damage.
It was a potion of mutation.
You feel extremely strange.
You feel genetically stable. A pair of antennae grows on your head!
The hound barely misses you. The ogre barely misses you. The hound misses you.
You hit the ogre.
The ogre is almost dead.
You barely miss the hound. The hound closely misses you.
You hit the ogre. You bite the ogre.
The ogre is almost dead.
You barely miss the hound. The hound closely misses you.
The ogre hits you with a +0 giant club!
You die...

...###..................#####.##.
.....#.........#...##...## #...##
....##.........#.........###..##.
...............#..........##^.##.
.......#.....##.##........#...###
..###..#...<....##.............##
..##..###........................
#.##..# ##..........###.....⌠.⌠#.
##...#####.....O@..###.......∩.#.
##...#.#.......h.......#....⌠.⌠#.
##.....................#......#.#
....................[>.......#...
#.......................#........
...............###....#.###......
.....###©####.........#.##.......
#...##.### .#####.......##....>..
#..##.W... #....#.....#..........


You could see an ogre and a hound.

Vanquished Creatures
  A scorpion (D:4)
  A hound (D:4)
  An iguana (D:4)
  4 adders
  A gnoll (D:1)
  2 worms (D:2)
  5 dart slugs
  An orc (D:4)
  15 ball pythons
  5 endoplasms
  7 giant cockroaches
  8 goblins
  8 hobgoblins
  3 jackals (D:1)
  2 kobolds
  4 quokkas
  5 bats
  2 frilled lizards (D:1)
  3 rats
78 creatures vanquished.

Notes
Turn   | Place    | Note
-------+----------+-------------------------------------------
     0 | D:1      | arthad the Gnoll Wanderer began the quest for the Orb.
     0 | D:1      | arthad set off with the following items: a +2 hand axe, a
                  | +0 buckler, a scroll of fog, a +0 robe; and the following
                  | spell memorised: Freeze; and the following spells available
                  | to memorise: Hailstorm.
     0 | D:1      | Reached XP level 1. HP: 13/13 MP: 6/6
     5 | D:1      | Noticed a minotaur zombie
    15 | D:1      | Noticed a demonspawn zombie
    47 | D:1      | Reached XP level 2. HP: 10/19 MP: 2/7
   262 | D:1      | Reached skill level 5 in Spellcasting
   262 | D:1      | Reached XP level 3. HP: 18/25 MP: 7/9
   453 | D:1      | Reached skill level 1 in Invocations
   558 | D:1      | Reached skill level 1 in Fighting
   558 | D:1      | Reached skill level 1 in Short Blades
   558 | D:1      | Reached skill level 1 in Long Blades
   558 | D:1      | Reached skill level 1 in Maces & Flails
   558 | D:1      | Reached skill level 1 in Polearms
   558 | D:1      | Reached skill level 1 in Staves
   558 | D:1      | Reached skill level 1 in Ranged Weapons
   558 | D:1      | Reached skill level 1 in Throwing
   558 | D:1      | Reached skill level 1 in Dodging
   558 | D:1      | Reached skill level 1 in Stealth
   558 | D:1      | Reached skill level 1 in Unarmed Combat
   558 | D:1      | Reached skill level 1 in Evocations
   909 | D:2      | Reached XP level 4. HP: 31/32 MP: 11/11
   942 | D:2      | Learned a level 3 spell: Hailstorm
  1181 | D:2      | Reached skill level 1 in Conjurations
  1181 | D:2      | Reached skill level 1 in Hexes
  1181 | D:2      | Reached skill level 1 in Summonings
  1181 | D:2      | Reached skill level 1 in Necromancy
  1181 | D:2      | Reached skill level 1 in Translocations
  1181 | D:2      | Reached skill level 1 in Transmutations
  1181 | D:2      | Reached skill level 1 in Fire Magic
  1181 | D:2      | Reached skill level 1 in Air Magic
  1181 | D:2      | Reached skill level 1 in Earth Magic
  1181 | D:2      | Reached skill level 1 in Poison Magic
  1849 | D:3      | Identified the +1 sling of the Vestibule of Hell {flame,
                  | Str+4}
  1919 | D:3      | Found a faded altar of an unknown god.
  1935 | D:3      | Found a bloodstained altar of Trog.
  2229 | D:3      | Reached XP level 5. HP: 37/37 MP: 12/12
  2349 | D:4      | Found a transporter.
  2379 | D:4      | Found a broken altar of Ashenzari.
  2478 | D:4      | Noticed pigah's ghost (amateur OpWn)
  2561 | D:4      | Reached XP level 6. HP: 17/44 MP: 14/14
  2801 | D:4      | Found Duriptia's Book Shoppe.
  2840 | D:4      | Found a transporter.
  2975 | D:5      | Entered Level 5 of the Dungeon
  2988 | D:4      | Gained mutation: You are somewhat resistant to further
                  | mutation. [potion of mutation]
  2988 | D:4      | Gained mutation: You have a pair of small antennae on your
                  | head. [potion of mutation]
  2990 | D:4      | Slain by an ogre

Illustrated notes

Levels and vault maps discovered:
D:1:      shiori_arrival_whats_in_store_for_you, layout_loops_ring,
          amcnicky_mini_rare_corridor_liquid
D:2:      layout_basic, nrook_loot_triangle
D:3:      layout_loops_cross, nicolae_overflow_ecumenical_swirl,
          mrwooster_statue_mirror, chequers_hall_statues_wall_a
D:4:      layout_cave_pools, nicolae_ashenzari_skybound,
          gammafunk_ghost_stat_death, serial_shops, shop_fountains
D:5:      layout_loops_ring, kennysheep_nub

Skill      XL: |  1  2  3  4  5 |
---------------+----------------+-----
Ice Magic      | 2 |  2.6
Spellcasting   | 5 |  5.3
Invocations    | 1 2 |  2.1
Fighting       | 1 |  1.9
Short Blades   | 1 |  1.9
Long Blades    | 1 |  1.9
Maces & Flails | 1 |  1.9
Polearms       | 1 |  1.9
Staves         | 1 |  1.9
Ranged Weapons | 1 |  1.9
Throwing       | 1 |  1.9
Dodging        | 1 |  1.9
Stealth        | 1 |  1.9
Unarmed Combat | 1 |  1.9
Evocations     | 1 |  1.9
Conjurations   | 1 |  1.5
Hexes          | 1 |  1.5
Summonings     | 1 |  1.5
Necromancy     | 1 |  1.5
Translocations | 1 |  1.5
Transmutations | 1 |  1.5
Fire Magic     | 1 |  1.5
Air Magic      | 1 |  1.5
Earth Magic    | 1 |  1.5
Poison Magic   | 1 |  1.5
Armour         | 3 |  3.2
Axes           | |  8.7
Shields        | |  4.9

Action                   |  1- 3 |  4- 6 || total
-------------------------+-------+-------++-------
Melee: Hand axe          |    84 |    86 ||   170
       Bite              |     7 |    11 ||    18
 Fire: Sling             |       |    55 ||    55
 Cast: Freeze            |     4 |       ||     4
  Use: Potion            |       |     2 ||     2
 Stab: Sleeping          |     1 |     4 ||     5
Armor: Robe              |     9 |    10 ||    19
       Leather armour    |       |    15 ||    15
Dodge: Dodged            |    35 |    57 ||    92
Block: Buckler           |    10 |    21 ||    31

Table legend: (Time is in decaauts)
 A = Elapsed time spent in this place.
 B = Non-inter-level travel time spent in this place.
 C = Inter-level travel time spent in this place.
 D = Time resting spent in this place.
 E = Time spent auto-exploring this place.
 F = Levels seen in this place.
 G = Mean time per level.
                   A        B        C        D        E       F      G
               +--------+--------+--------+--------+--------+-----+--------+
         Total |   2994 |   2846 |    148 |    247 |   2097 |   5 |  598.8 |
       Dungeon |   2994 |   2846 |    148 |    247 |   2097 |   5 |  598.8 |
               +--------+--------+--------+--------+--------+-----+--------+

Top non-repeatable levels by time:
     D:1: 896 daAuts
     D:2: 740 daAuts
     D:3: 703 daAuts
     D:4: 644 daAuts
     D:5: 10 daAuts
